 Dungeon Crawl Stone Soup version 0.30-a0-738-g116ff8c4af (webtiles) character file.

Game seed: 10083045376096805374

60916 cheesebisquit the Earth Mage (level 15, 0/135 HPs)
             Began as a Gargoyle Earth Elementalist on Feb 3, 2023.
             Was a High Priest of Vehumet.
             Slain by an orc
             ... wielding a +0 flail
              (5 damage)
             ... on level 1 of the Orcish Mines.
             The game lasted 01:54:32 (27048 turns).

cheesebisquit the Earth Mage (GrEE)                Turns: 27048, Time: 01:54:33

Health: 0/135      AC: 27    Str: 13    XL:     15   Next: 1%
Magic:  30/30      EV:  2    Int: 28    God:    Vehumet [*****.]
Gold:   457        SH: 16    Dex: 10    Spells: 12/37 levels left

rFire   . . .      SeeInvis .    (no weapon)
rCold   . . .      Faith    .    I - +2 kite shield
rNeg    + . .      Spirit   .    (body armour currently unavailable)
rPois   ∞          Reflect  +    (helmet currently unavailable)
rElec   .          Harm     .    (cloak currently unavailable)
rCorr   .          Rampage  .    (gloves currently unavailable)
Will    +....      NoTele   +    (boots currently unavailable)
Stlth   ++                       X - amulet of reflection
HPRegen 0.42/turn                y - ring of wizardry
MPRegen 0.22/turn                B - +6 ring of intelligence

@: tree-form
A: stationary, stasis, torment immunity, boosted hp, sickness immunity, AC +11,
(big wings), negative energy resistance 1, (electricity resistance), torment
resistance 1, petrification resistance
a: Renounce Religion


You were on level 1 of the Orcish Mines.
You worshipped Vehumet.
Vehumet was extremely pleased with you.
You were a tree.
You visited 4 branches of the dungeon, and saw 20 of its levels.
You visited the Abyss 1 time.

You collected 2131 gold pieces.
You spent 1674 gold pieces at shops.

Inventory:

Hand Weapons
 b - a +4 flail of freezing
Missiles
 h - 34 poisoned darts
 m - 9 atropa-tipped darts
 H - 3 curare-tipped darts
Armour
 F - a +1 pair of boots (melded)
 G - a +1 cloak (melded)
 I - a +2 kite shield (worn)
 S - +1 steam dragon scales (melded)
 T - a +2 pair of gloves (melded)
 V - a +2 helmet of see invisible (melded)
 W - the +1 leather armour "Jaus" {rN+}
   (You bought it in a shop on level 8 of the Dungeon)

   rN:        It protects you from negative energy.
Magical Staves
 c - a staff of earth
Jewellery
 a - a ring of magical power
 g - a ring of protection from fire
 n - a ring of willpower
 s - an amulet of regeneration
 t - a ring of ice
 y - a ring of wizardry (left branch)
 B - a +6 ring of intelligence (right branch)
 C - a ring of protection from fire
 E - a +5 ring of evasion
 N - an amulet of guardian spirit
 R - a ring of resist corrosion
 X - an amulet of reflection (around neck)
 Z - a ring of protection from fire
Wands
 e - a wand of flame (34)
 K - a wand of mindburst (15)
 M - a wand of digging (6)
 P - a wand of charming (15)
Scrolls
 i - a scroll of amnesia
 l - 5 scrolls of teleportation
 o - a scroll of magic mapping {unknown}
 p - 3 scrolls of poison
 q - 4 scrolls of fog
 r - a scroll of torment
 w - 2 scrolls of immolation
 z - a scroll of vulnerability
 Y - a scroll of silence {unknown}
Potions
 d - 3 potions of haste
 k - 4 potions of flight
 A - a potion of might {unknown}
 D - 8 potions of curing
 J - 3 potions of resistance
 L - 4 potions of mutation
 Q - 3 potions of lignification
 U - a potion of cancellation {unknown}
Miscellaneous
 j - a tin of tremorstones (2/2)


   Skills:
 + Level 9.3 Fighting
 + Level 10.0 Staves
 - Level 4.4 Armour
 - Level 1.5 Dodging
 - Level 2.1 Stealth
 - Level 6.5 Shields
 - Level 11.6 Spellcasting
 + Level 6.4 Conjurations
 - Level 3.6 Transmutations
 + Level 15.5 Earth Magic
 + Level 9.1 Evocations


You had 12 spell levels left.
You knew the following spells:

 Your Spells              Type           Power      Damage    Failure   Level
a - Sandblast             Erth           100%       2d20      0%          1
b - Stone Arrow           Conj/Erth      100%       3d13      1%          3
c - Lee's Rapid Deconstr  Erth           40%        3d20*     1%          5
d - Leda's Liquefaction   Hex/Erth       28%        N/A       1%          4
e - Passwall              Tmut/Erth      52%        N/A       1%          2
f - Petrify               Tmut/Erth      63%        N/A       1%          4
i - Iron Shot             Conj/Erth      33%        9d7       1%          6

Your spell library contained the following spells:

 Spells                   Type           Power      Damage    Failure   Level
 Fulminant Prism          Conj/Hex       17%        3d10      3%          4
 Momentum Strike          Conj/Tloc      68%        3d9       1%          2
 Static Discharge         Conj/Air       68%        2-5/arc   1%          2
 Irradiate                Conj/Tmut      22%        3d19      3%          5
 Lesser Beckoning         Tloc           32%        N/A       6%          2
 Gell's Gravitas          Tloc           16%        N/A       11%         3
 Teleport Other           Tloc           16%        N/A       11%         3
 Blade Hands              Tmut           18%        N/A       22%         5
 Anguish                  Hex/Necr       8%         N/A       32%         4
 Summon Ice Beast         Ice/Summ       16%        N/A       32%         4
 Summon Mana Viper        Hex/Summ       16%        N/A       65%         5
 Dispersal                Tloc           8%         N/A       99%         6
 Dragon Form              Tmut           18%        N/A       99%         7
 Enfeeble                 Hex            8%         N/A       100%        7
 Monstrous Menagerie      Summ           8%         N/A       100%        7
 Discord                  Hex            8%         N/A       100%        8
 Statue Form              Tmut/Erth      Unusable   N/A       N/A         6

Dungeon Overview and Level Annotations

Branches:
Dungeon (12/15)            Temple (1/1) D:5            Lair (5/5) D:10
 Shoals (0/4) Lair:3       Spider (0/4) Lair:3        Slime (0/5) Lair:5
    Orc (2/2) D:11            Elf (0/3) Orc:2

Altars:
Ashenzari
Cheibriados
Dithmenos
Elyvilon
Fedhas
Gozag
Hepliaklqana
Kikubaaqudgha
Makhleb
Nemelex Xobeh
Okawaru
Qazlal
Ru
Sif Muna
Trog
Uskayaw
Vehumet
Wu Jian
Xom
Yredelemnul
Zin
The Shining One
Jiyva

Shops:
D:4 !=   D:8 *[   Orc:2 =

Annotations:
Orc:2 Erolcha, Saint Roka


Innate Abilities, Weirdness & Mutations

You are a tree.
Your roots penetrate the ground, keeping you stationary.
You cannot be teleported.
You are immune to unholy pain and torment.
Your maximum health is greatly increased.
Your equipment is partially melded.
You are immune to sickness and miasma.
((Your stone body is resilient. (AC +11)))
You are immune to poison.
((Your large and strong wings let you fly.))
You resist negative energy. (rN+)
((You are resistant to electric shocks. (rElec)))
You are resistant to unholy torment.
You are immune to petrification.


Message History

The orc warrior hits you but does no damage.
You block the orc's attack.
You feel better. You block the warg's attack.
The two-headed ogre hits you with a +0 giant club.
The two-headed ogre hits you but does no damage.
You block the orc's attack. x2
The orc warrior hits you with a +0 flail.
* * * LOW HITPOINT WARNING * * *
An orc priest comes into view. It is wielding a +0 club.
The orc wizard hits you but does no damage.
An orc comes into view. It is wielding a +0 mace.
The warg bites you!
* * * LOW HITPOINT WARNING * * *
The orc shouts!
You smack the orc wizard!
The orc wizard is almost dead.
You hear a shout!
You block the warg's attack. You block the orc's attack.
The orc hits you but does no damage. You block the orc warrior's attack.
The orc priest mumbles some strange prayers to Beogh against you.
Beogh smites you!
* * * LOW HITPOINT WARNING * * *
The orc wizard hits you but does no damage.
You feel better. You block the two-headed ogre's attack.
The two-headed ogre hits you with a +0 giant club!
* * * LOW HITPOINT WARNING * * *
The warg bites you but does no damage. You block the orc's attack.
The orc hits you but does no damage.
The orc warrior hits you with a +0 flail.
* * * LOW HITPOINT WARNING * * *
An orc comes into view. It is wielding a +0 hand axe.
The orc wizard hits you but does no damage.
You barely miss the orc wizard.
The orc wizard is almost dead.
You block the warg's attack.
The two-headed ogre hits you with a +0 giant club.
* * * LOW HITPOINT WARNING * * *
You block the two-headed ogre's attack. The orc hits you but does no damage.
The orc hits you with a +0 flail.
You die...

#..........
..............
#.............
#..>..........
##.............
#....)#..#.#...
#.Co.o).......
##hO##........
#o♣o##........
##oo##.#.....$.
#..o.....^C....
##.............
#....###.....#.
##.##o .......
#. o. .....#.
.. .. ......
##. ... o>...


You could see a two-headed ogre, a cyclops, a warg, 2 orc warriors, an orc
priest, an orc wizard and 5 orcs.

Vanquished Creatures
  A dire elephant (Lair:5)
  Snorg (Orc:2)
  2 hydras (Lair:3)
  2 catoblepae
  A boulder beetle (D:11)
  14 death yaks
  A deep troll shaman (Lair:5)
  4 two-headed ogres
  Urug (Lair:1)
  Pikel (D:9)
  An orc sorcerer (Orc:2)
  A deep elf pyromancer (D:12)
  18 elephants
  2 cyclopes (D:12)
  A merfolk siren (Lair:3)
  3 black mambas
  Maurice (Orc:2)
  Maggie (D:9)
  5 cane toads
  A demonic crawler (Lair:1)
  4 rime drakes
  7 komodo dragons
  An ancient zyme (Abyss:2)
  6 trolls
  5 hornets
  3 merfolk (Lair:3)
  30 blink frogs
  5 jumping spiders (Lair:3)
  3 slime creatures
  2 vampires
  4 culicivoras (Lair:3)
  A shadow (D:11)
  41 yaks
  3 wraiths
  3 wyverns
  3 basilisks
  2 steam dragons
  4 wargs
  2 redbacks (Lair:3)
  2 vampire mosquitoes (D:12)
  3 swamp worms (Lair:1)
  Edmund (D:4)
  2 acid dragons
  15 water moccasins
  9 black bears
  An ice beast (D:6)
  13 orc warriors
  2 sky beasts
  4 ogres
  14 wolves
  4 lemures (D:9)
  11 centaurs
  7 bullfrogs
  A kobold brigand (D:7)
  6 necrophages
  A scorpion (D:6)
  A gnoll sergeant (D:7)
  13 wights (D:9)
  18 killer bees
  2 electric eels (Lair:3)
  8 howler monkeys
  3 vampire bats (D:10)
  2 hounds
  A jelly (D:7)
  10 orc priests
  2 gnoll boudas
  5 iguanas
  Jessica (D:2)
  Terence (D:3)
  20 orc wizards
  A hound zombie (D:4)
  A mummy (D:8)
  12 gnolls
  15 adders
  A white imp (D:7)
  2 ufetubi
  An adder zombie (D:4)
  A worm (D:4)
  A dart slug (D:5)
  62 orcs
  6 ball pythons
  6 endoplasms
  3 giant cockroaches
  8 goblins
  6 hobgoblins
  11 jackals
  4 kobolds
  4 quokkas
  9 bats
  2 frilled lizards
  5 rats
535 creatures vanquished.

Vanquished Creatures (others)
  A human (D:8)
  33 fungi
  97 plants
131 creatures vanquished.

Grand Total: 666 creatures vanquished

Notes
Turn   | Place    | Note
-------+----------+-------------------------------------------
     0 | D:1      | cheesebisquit the Gargoyle Earth Elementalist began the
                  | quest for the Orb.
     0 | D:1      | Reached XP level 1. HP: 10/10 MP: 3/3
   194 | D:1      | Reached XP level 2. HP: 10/15 MP: 0/5
   198 | D:1      | Reached skill level 4 in Earth Magic
  1015 | D:2      | Found an iron altar of Okawaru.
  1034 | D:2      | Reached XP level 3. HP: 19/19 MP: 4/6
  1462 | D:2      | Noticed Jessica
  1469 | D:2      | Killed Jessica
  1470 | D:2      | Reached XP level 4. HP: 24/24 MP: 5/8
  2121 | D:3      | Reached skill level 5 in Earth Magic
  2344 | D:3      | Learned a level 3 spell: Stone Arrow
  2413 | D:3      | Found an iron altar of Okawaru.
  2530 | D:3      | Reached XP level 5. HP: 28/28 MP: 7/10
  2865 | D:3      | Noticed Terence
  2865 | D:3      | Noticed a centaur
  2867 | D:3      | Killed Terence
  2879 | D:3      | Killed a centaur
  2880 | D:3      | Reached skill level 6 in Earth Magic
  2880 | D:3      | Reached XP level 6. HP: 15/32 MP: 3/12
  3160 | D:4      | Noticed a black bear
  3165 | D:4      | Killed a black bear
  3258 | D:4      | Reached XP level 7. HP: 33/36 MP: 5/14
  3260 | D:4      | Reached skill level 7 in Earth Magic
  3389 | D:4      | Found an ornate altar of the Wu Jian Council.
  3478 | D:4      | Reached skill level 5 in Spellcasting
  3512 | D:4      | Found Pikaum's Distillery.
  3519 | D:4      | Bought a potion of heal wounds for 65 gold pieces
  3519 | D:4      | Bought a potion of brilliance for 52 gold pieces
  3732 | D:4      | Noticed Edmund
  3746 | D:4      | HP: 1/36 [Edmund/+2 flail of holy wrath (8)]
  3751 | D:4      | Killed Edmund
  3843 | D:4      | Found Sef Poqe's Jewellery Boutique.
  3901 | D:4      | Found a shimmering altar of Xom.
  3904 | D:4      | Found a burning altar of Makhleb.
  3934 | D:4      | Found a hide-covered altar of Uskayaw.
  3992 | D:4      | Reached skill level 8 in Earth Magic
  4101 | D:4      | Found a basalt altar of Yredelemnul.
  4201 | D:5      | Entered Level 5 of the Dungeon
  4269 | D:5      | Found a hazy altar of Hepliaklqana.
  4344 | D:5      | Found a staircase to the Ecumenical Temple.
  4364 | D:5      | Reached XP level 8. HP: 37/41 MP: 9/17
  4386 | Temple   | Entered the Ecumenical Temple
  4433 | Temple   | Became a worshipper of Vehumet
  4960 | D:5      | Found a glowing silver altar of Zin.
  4960 | D:5      | Noticed an angel
  5097 | D:6      | Reached skill level 9 in Earth Magic
  5268 | D:6      | Found an opulent altar of Gozag.
  5385 | D:6      | Reached skill level 10 in Earth Magic
  5449 | D:6      | Reached XP level 9. HP: 45/45 MP: 18/20
  5785 | D:7      | Reached * piety under Vehumet
  5785 | D:7      | Offered knowledge of Shock by Vehumet.
  6037 | D:7      | Reached skill level 1 in Staves
  6039 | D:7      | Reached skill level 1 in Evocations
  6399 | D:8      | Found Yrif's Assorted Antiques.
  6425 | D:8      | Reached skill level 11 in Earth Magic
  6705 | D:8      | Found a snail-covered altar of Cheibriados.
  6777 | D:8      | You fall into a shaft and drop 2 floors!
  6777 | D:10     | Entered Level 10 of the Dungeon
  6822 | D:9      | Noticed Maggie
  6829 | D:9      | Killed Maggie
  6874 | D:9      | Reached XP level 10. HP: 44/50 MP: 18/22
  7217 | D:9      | Identified 2 scrolls of acquirement
  7217 | D:9      | Acquired a ring of magical power
  7219 | D:9      | Acquired 775 gold pieces
  7247 | D:9      | Reached ** piety under Vehumet
  7250 | D:9      | Offered knowledge of Kiss of Death by Vehumet.
  7552 | D:9      | Reached skill level 12 in Earth Magic
  7605 | D:9      | Noticed Pikel
  7621 | D:9      | Killed Pikel
  7774 | D:9      | Reached skill level 5 in Staves
  7867 | D:9      | Upgraded the game from 0.30-a0-737-gf23d94013f to
                  | 0.30-a0-738-g116ff8c4af
  8266 | D:8      | Found a shimmering blue altar of Sif Muna.
  8303 | D:8      | Found an ancient bone altar of Kikubaaqudgha.
  8351 | D:8      | Found a shadowy altar of Dithmenos.
  8402 | D:8      | Found Pejezyf's Antique Armour Shoppe.
  8410 | D:8      | Bought a shiny chain mail for 217 gold pieces
  8410 | D:8      | Bought a runed orb for 348 gold pieces
  8410 | D:8      | Bought a shiny helmet for 217 gold pieces
  8410 | D:8      | Bought a twisted leather armour for 203 gold pieces
  8410 | D:8      | Identified the +1 leather armour "Jaus" {rN+} (You bought
                  | it in a shop on level 8 of the Dungeon)
  8416 | D:8      | Learned a level 5 spell: Lee's Rapid Deconstruction
  8421 | D:8      | Learned a level 4 spell: Leda's Liquefaction
  8424 | D:8      | Learned a level 2 spell: Passwall
  8429 | D:8      | Learned a level 4 spell: Petrify
  8597 | D:4      | Bought 2 potions of curing for 78 gold pieces
  8597 | D:4      | Bought 2 potions of curing for 78 gold pieces
  9161 | D:10     | Reached skill level 1 in Fighting
  9179 | D:10     | Reached skill level 1 in Shields
  9218 | D:10     | Noticed an elephant
  9221 | D:10     | Found a staircase to the Lair.
  9228 | D:10     | Killed an elephant
  9229 | D:10     | Reached XP level 11. HP: 54/57 MP: 3/24
  9446 | D:10     | Offered knowledge of Kindle Blastsparks by Vehumet.
  9570 | D:10     | Noticed a two-headed ogre
  9576 | D:10     | Killed a two-headed ogre
  9577 | D:10     | Reached skill level 5 in Evocations
 10035 | D:10     | Found a stormy altar of Qazlal.
 10090 | D:10     | Reached *** piety under Vehumet
 10546 | D:11     | Noticed a boulder beetle
 10567 | D:11     | Killed a boulder beetle
 10733 | D:11     | Reached skill level 13 in Earth Magic
 10969 | D:11     | Found a staircase to the Orcish Mines.
 10974 | D:11     | Offered knowledge of Inner Flame by Vehumet.
 10978 | D:11     | Reached skill level 10 in Spellcasting
 11543 | D:11     | Noticed a two-headed ogre
 11550 | D:11     | Killed a two-headed ogre
 11842 | D:11     | Reached skill level 1 in Transmutations
 11842 | D:11     | Reached XP level 12. HP: 43/67 MP: 5/26
 12111 | D:12     | Reached skill level 1 in Conjurations
 12219 | D:12     | Reached skill level 5 in Fighting
 12219 | D:12     | Reached skill level 1 in Armour
 12430 | D:12     | Reached **** piety under Vehumet
 12432 | D:12     | Reached skill level 5 in Shields
 13213 | D:4      | Bought a potion of lignification for 39 gold pieces
 13213 | D:4      | Bought a potion of flight for 39 gold pieces
 13213 | D:4      | Bought a potion of haste for 130 gold pieces
 13275 | Lair:1   | Entered Level 1 of the Lair of Beasts
 13665 | Lair:1   | Noticed Urug
 13686 | Lair:1   | Killed Urug
 14644 | Lair:1   | Identified the +3 hand axe of Maxzoeq {speed, rPois Will+
                  | Str+4}
 14897 | Lair:2   | Offered knowledge of Dazzling Flash by Vehumet.
 16267 | Lair:3   | Reached XP level 13. HP: 70/74 MP: 12/27
 16430 | Lair:3   | Found a hole to the Spider Nest.
 17480 | Lair:3   | Reached skill level 14 in Earth Magic
 17595 | Lair:3   | Found a staircase to the Shoals.
 17827 | Lair:3   | Reached ***** piety under Vehumet
 17857 | Lair:3   | Offered knowledge of Iron Shot by Vehumet.
 17872 | Lair:3   | Learned a level 6 spell: Iron Shot
 18353 | Lair:3   | Got Nonoir Ogikh's Intricacies of Magical Knowledge
 18526 | D:4      | Bought a potion of mutation for 104 gold pieces
 18526 | D:4      | Bought a potion of ambrosia for 104 gold pieces
 20605 | Lair:2   | Gained mutation: Your large and strong wings let you fly.
                  | [Gargoyle growth]
 20605 | Lair:2   | Reached XP level 14. HP: 76/83 MP: 12/29
 21312 | Lair:5   | Entered Level 5 of the Lair of Beasts
 21312 | Lair:5   | Found a staircase to the Slime Pits.
 21312 | Lair:5   | Found a viscous altar of Jiyva.
 22477 | Lair:5   | Reached skill level 5 in Conjurations
 22801 | Lair:5   | Reached skill level 15 in Earth Magic
 23293 | Lair:5   | Noticed a dire elephant
 23297 | Lair:5   | Killed a dire elephant
 23423 | Lair:5   | Identified the +8 halberd "Jufru" {drain, *Corrode rPois
                  | rC+++ rN++}
 23428 | Lair:5   | Got the Incunabulum of Reason
 23889 | Lair:5   | Offered knowledge of Fulminant Prism by Vehumet.
 24317 | Orc:1    | Entered Level 1 of the Orcish Mines
 24456 | Orc:1    | You are sucked into a shaft and drop 1 floor!
 24456 | Orc:2    | Entered Level 2 of the Orcish Mines
 24456 | Orc:2    | Noticed Snorg
 24461 | Orc:2    | Killed Snorg
 25356 | Orc:2    | Found a staircase to the Elven Halls.
 25723 | Orc:2    | Noticed Saint Roka
 26111 | Orc:2    | Noticed Erolcha
 26113 | Abyss:2  | Cast into level 2 of the Abyss (Erolcha)
 26133 | Abyss:2  | Reached skill level 10 in Staves
 26161 | Orc:2    | Escaped the Abyss
 26524 | Orc:2    | Noticed Maurice
 26526 | Orc:2    | Killed Maurice
 26527 | Orc:2    | Reached XP level 15. HP: 90/90 MP: 18/30
 26797 | Orc:2    | Found Kyahaeb's Jewellery Shop.
 27047 | Orc:1    | HP: 6/135 [orc warrior/+0 flail (1)]
 27048 | Orc:1    | Slain by an orc

Illustrated notes

Levels and vault maps discovered:
D:1:      dpeg_arrival_castle, layout_basic
D:2:      layout_loops_corners, basic_altar, uniq_jessica
D:3:      layout_loops_corners, okawaru_altar_gauntlet_db, uniq_terence
D:4:      nicolae_cairo_tiling_large_dashed, layout_loops_ring,
          lemuel_zombie_altar_yredelemnul, nicolae_overflow_crystal_walls,
          grunt_temple_overflow_diamond, serial_shops, nicolae_stop_n_shop_1,
          minmay_shop_enchanted_jewellery, nrook_uturn, uniq_edmund
D:5:      wad_pebble_path, layout_basic, zin_angel,
          mainiacjoe_overflow_concentric_impassable, temple_pool_b,
          dreamdust_mushroom_princess
D:6:      layout_rooms, grunt_gozag_breadcrumbs
D:7:      layout_gridville, minmay_microvault
D:8:      layout_loops_cross, chei_slow_surprise, tgw_kikubaaqudgha,
          nicolae_dithmenos_the_darkroom, led_sif_pool, serial_shops,
          nicolae_take_the_stairs, nicolae_shop_trees
D:9:      layout_basic, uniq_maggie, uniq_pikel
D:10:     layout_roguey, mainiacjoe_overflow_alcove_2, david_lair_generic,
          serial_glass, glass_columns_c, glass_columns_b, roderic_batcave
D:11:     layout_basic, david_orc_3
D:12:     layout_rooms
Temple:   hellmonk_temple_two_chambers
Lair:1:   layout_cave_pods, worms_lemuel, uniq_urug
Lair:2:   minmay_lair_venomous_thicket, layout_hall_layers
Lair:3:   cheibrodos_lair_overgrown_chateau, layout_loops_ring,
          elwin_shoals_entry_stream, nicolae_spider_entry_tight_spaces,
          serial_bayou_shore_a
Lair:4:   layout_regular_city, grunt_megastairs_2
Lair:5:   grunt_lair_end_beastmaster, layout_cave_shapes, slime_entry_1
Orc:1:    layout_caves, serial_shops, shop
Orc:2:    pf_orc_diabolical, layout_diamond_mine, serial_shops, shop_statue,
          uniq_erolcha, uniq_maurice, uniq_snorg, uniq_saint_roka

Skill      XL: |  1  2  3  4  5  6  7  8  9 10 11 12 13 14 |
---------------+-------------------------------------------+-----
Earth Magic    | 4 5 6 8 10 11 12 13 14 15 | 15.5
Spellcasting   | 3 4 6 7 8 9 10 11 | 11.6
Staves         | 3 5 6 7 8 10 | 10.0
Evocations     | 3 4 6 8 9 |  9.1
Fighting       | 1 4 6 7 9 |  9.3
Shields        | 1 4 6 |  6.5
Transmutations | 1 3 |  3.6
Conjurations   | 1 3 6 |  6.4
Armour         | 3 4 |  4.4
Dodging        | |  1.5
Stealth        | |  2.1

Action                     |  1- 3 |  4- 6 |  7- 9 | 10-12 | 13-15 || total
---------------------------+-------+-------+-------+-------+-------++-------
  Melee: Mace              |     8 |     2 |     2 |       |       ||    12
         Staff             |       |       |       |   150 |   180 ||   330
         Unarmed           |       |       |       |       |     6 ||     6
  Throw: Dart              |       |       |       |     2 |     2 ||     4
   Cast: Sandblast         |    35 |    59 |   177 |    26 |     3 ||   300
         Stone Arrow       |       |       |       |   306 |   210 ||   516
         Petrify           |       |       |       |     8 |     2 ||    10
         Lee's Rapid Decon |       |       |       |     6 |     6 ||    12
         Leda's Liquefacti |       |       |       |       |     1 ||     1
         Iron Shot         |       |       |       |       |   169 ||   169
  Evoke: Wand              |       |       |       |     2 |     1 ||     3
    Use: Potion            |     1 |       |     4 |     5 |    15 ||    25
         Scroll            |       |     3 |     6 |    12 |     9 ||    30
   Stab: Petrified         |       |       |       |       |     4 ||     4
 Armour: Robe              |    10 |    14 |    31 |       |       ||    55
         Steam dragon scal |       |       |       |   148 |   142 ||   290
         Skin              |       |       |       |       |    58 ||    58
  Dodge: Dodged            |    14 |    17 |    45 |   120 |   102 ||   298
  Block: Buckler           |       |     4 |     5 |       |       ||     9
         Kite shield       |       |       |    13 |   182 |   277 ||   472
         Reflection        |       |       |       |       |    12 ||    12

Table legend: (Time is in decaauts)
 A = Elapsed time spent in this place.
 B = Non-inter-level travel time spent in this place.
 C = Inter-level travel time spent in this place.
 D = Time resting spent in this place.
 E = Time spent auto-exploring this place.
 F = Levels seen in this place.
 G = Mean time per level.
                   A        B        C        D        E       F      G
               +--------+--------+--------+--------+--------+-----+--------+
         Total |  27293 |  24860 |   2433 |   4569 |  16316 |  21 | 1299.7 |
       Dungeon |  13812 |  12255 |   1557 |    922 |   9531 |  12 | 1151.0 |
        Temple |     53 |     39 |     14 |      0 |     36 |   1 |   53.0 |
          Lair |  10704 |   9853 |    851 |   2188 |   6319 |   5 | 2140.8 |
  Orcish Mines |   2676 |   2666 |     10 |   1459 |    430 |   2 | 1338.0 |
         Abyss |     47 |     47 |      0 |      0 |      0 |   1 |   47.0 |
               +--------+--------+--------+--------+--------+-----+--------+

Top non-repeatable levels by time:
  Lair:4: 2957 daAuts
  Lair:3: 2935 daAuts
   Orc:2: 2324 daAuts
     D:9: 1782 daAuts
  Lair:5: 1755 daAuts
  Lair:1: 1564 daAuts
    D:11: 1542 daAuts
    D:10: 1526 daAuts
  Lair:2: 1490 daAuts
     D:4: 1306 daAuts
     D:3: 1176 daAuts
    D:12: 1126 daAuts
     D:2: 1052 daAuts
     D:8: 986 daAuts
     D:1: 948 daAuts
